3AAA
HOUSTON BC @ GRYFINDOR BRAVES
09/14/2034
 
TOP OF THE 1ST
Houston BC batting - Pitching for Gryfindor Braves : RHP Kent Good
Pitching: RHP Kent Good
Batting: LHB Sidney Dollarhide 0-0: SINGLE (Line Drive, 4MD)
Batting: RHB Ken Gardner 0-0: Ball
1-0: Called Strike
1-1: Ball
2-1: Foul Ball, location: 2F
2-2: Foul Ball, location: 2F
2-2: Foul Ball, location: 2F
2-2: SINGLE (Line Drive, 8RS)
Sidney Dollarhide to second
Batting: RHB Ryoma Yamamoto 0-0: Ball
1-0: Foul Ball, location: 2F
1-1: Ball
2-1: Fly out, F4 (Popup, 4M)
Batting: LHB Rich Watkins 0-0: Called Strike
0-1: Ground out 4-3 (Groundball, 34D)
Sidney Dollarhide to third
Ken Gardner to second
Batting: RHB António López 0-0: Ball
1-0: Foul Ball, location: 2F
1-1: Swinging Strike
1-2: Ball
2-2: Strikes out swinging
Top of the 1st over - 0 runs, 2 hits, 0 errors, 2 left on base; Houston 0 - Gryfindor 0
BOTTOM OF THE 1ST
Gryfindor Braves batting - Pitching for Houston BC : RHP Jesús Franco
Pitching: RHP Jesús Franco
Batting: SHB Adrián Zamudio 0-0: Ground out 6-3 (Groundball, 6D)
Batting: RHB Javier López 0-0: SINGLE (Groundball, 56S) (infield hit)
Batting: LHB Austin Hathaway 0-0: Foul Ball, location: 2F
0-1: Called Strike
0-2: Foul Ball, location: 2F
0-2: Ball
1-2: Ball
2-2: Fly out, F3 (Line Drive, 3)
Batting: RHB Akke Derksen 0-0: Fielders Choice at 2nd, 6-4 (Groundball, 6)
Bottom of the 1st over - 0 runs, 1 hit, 0 errors, 1 left on base; Houston 0 - Gryfindor 0
TOP OF THE 2ND
Houston BC batting - Pitching for Gryfindor Braves : RHP Kent Good
Batting: RHB Jud Regan 0-0: Called Strike
0-1: Ball
1-1: Swinging Strike
1-2: Strikes out swinging
Batting: RHB Alfredo Mojica 0-0: Swinging Strike
0-1: Foul Ball, location: 2F
0-2: Ball
1-2: Ball
2-2: Ground out 6-3 (Groundball, 6)
Batting: RHB Alba Hidalgo de Jesus 0-0: Ball
1-0: Ball
2-0: Foul Ball, location: 2F
2-1: Called Strike
2-2: Ball
3-2: Base on Balls
Batting: RHB Abraham Phelps 0-0: Ball
1-0: Ball
2-0: Ball
3-0: Base on Balls
Alba Hidalgo de Jesus to second
Batting: LHB Sidney Dollarhide 0-0: Ball
1-0: Ball
2-0: Ground out U3 (Groundball, 3)
Top of the 2nd over - 0 runs, 0 hits, 0 errors, 2 left on base; Houston 0 - Gryfindor 0
BOTTOM OF THE 2ND
Gryfindor Braves batting - Pitching for Houston BC : RHP Jesús Franco
Batting: RHB Randy Rehling 0-0: Called Strike
0-1: Foul Ball, location: 2F
0-2: Ball
1-2: Foul Ball, location: 2F
1-2: Fly out, F8 (Flyball, 8RD)
Batting: LHB Gilberto Jiménez 0-0: Ball
1-0: Fly out, F5 (Line Drive, 56)
Batting: LHB Cris Gonzáles 0-0: Ground out 5-3 (Groundball, 5)
Bottom of the 2nd over - 0 runs, 0 hits, 0 errors, 0 left on base; Houston 0 - Gryfindor 0
TOP OF THE 3RD
Houston BC batting - Pitching for Gryfindor Braves : RHP Kent Good
Batting: RHB Ken Gardner 0-0: Ball
1-0: Swinging Strike
1-1: Ball
2-1: Foul Ball, location: 2F
2-2: Ball
3-2: Ground out 5-3 (Groundball, 56S)
Batting: RHB Ryoma Yamamoto 0-0: Ball
1-0: Ground out 4-3 (Groundball, 4)
Batting: LHB Rich Watkins 0-0: Ball
1-0: Ball
2-0: Ball
3-0: Base on Balls
Batting: RHB António López 0-0: Ball
Rich Watkins steals 2nd base
1-0: Ball
2-0: Fly out, F9 (Flyball, 9)
Top of the 3rd over - 0 runs, 0 hits, 0 errors, 1 left on base; Houston 0 - Gryfindor 0
BOTTOM OF THE 3RD
Gryfindor Braves batting - Pitching for Houston BC : RHP Jesús Franco
Batting: RHB Ernesto Souza 0-0: Ball
1-0: Ball
2-0: Called Strike
2-1: Fly out, F4 (Popup, 34D)
Batting: LHB Tyler Knopp 0-0: Ground out 6-3 (Groundball, 6)
Batting: SHB Adrián Zamudio 0-0: Ball
1-0: Fly out, F8 (Flyball, 8RM)
Bottom of the 3rd over - 0 runs, 0 hits, 0 errors, 0 left on base; Houston 0 - Gryfindor 0
TOP OF THE 4TH
Houston BC batting - Pitching for Gryfindor Braves : RHP Kent Good
Batting: RHB Jud Regan 0-0: Ball
1-0: Ball
2-0: Ball
3-0: Base on Balls
Batting: RHB Alfredo Mojica 0-0: Ball
1-0: Foul Ball, location: 2F
1-1: Ball
2-1: SINGLE (Groundball, 4MD)
Jud Regan to second
Runner from 2nd tries for 3rd, SAFE, no throw
Batting: RHB Alba Hidalgo de Jesus 0-0: Ball
1-0: Bunted foul
1-1: Fly out, F9 (Flyball, 8RS)
Runner from 3rd tags up, SCORES, no throw
Batting: RHB Abraham Phelps 0-0: Ball
1-0: Ball
2-0: Ball
3-0: Base on Balls
Alfredo Mojica to second
Batting: LHB Sidney Dollarhide 0-0: Called Strike
0-1: Ball
1-1: Ball
2-1: Foul Ball, location: 2F
2-2: Foul Ball, location: 2F
2-2: Foul Ball, location: 2F
2-2: TRIPLE (Line Drive, 9D)
Alfredo Mojica scores
Abraham Phelps scores
Batting: RHB Ken Gardner 0-0: Ball
1-0: Called Strike
1-1: Ball
2-1: SINGLE (Groundball, 4) (infield hit)
Sidney Dollarhide scores
Batting: RHB Ryoma Yamamoto 0-0: Grounds into double play, 4-6-3 (Groundball, 4M)
Top of the 4th over - 4 runs, 3 hits, 0 errors, 0 left on base; Houston 4 - Gryfindor 0
BOTTOM OF THE 4TH
Gryfindor Braves batting - Pitching for Houston BC : RHP Jesús Franco
Batting: RHB Javier López 0-0: Ball
1-0: Ground out 5-3 (Groundball, 56S)
Batting: LHB Austin Hathaway 0-0: Called Strike
0-1: Foul Ball, location: 2F
0-2: Ball
1-2: Strikes out swinging
Batting: RHB Akke Derksen 0-0: Ball
1-0: Swinging Strike
1-1: Foul Ball, location: 2F
1-2: Fly out, F6 (Line Drive, 6M)
Bottom of the 4th over - 0 runs, 0 hits, 0 errors, 0 left on base; Houston 4 - Gryfindor 0
TOP OF THE 5TH
Houston BC batting - Pitching for Gryfindor Braves : RHP Kent Good
Batting: LHB Rich Watkins 0-0: Foul Ball, location: 2F
0-1: Ball
1-1: Ball
2-1: Ground out 4-3 (Groundball, 4)
Batting: RHB António López 0-0: Ball
1-0: Foul Ball, location: 2F
1-1: Called Strike
1-2: Foul Ball, location: 2F
1-2: Ball
2-2: Ball
3-2: Base on Balls
Batting: RHB Jud Regan 0-0: Ball
1-0: Fly out, F9 (Flyball, 9LD)
Batting: RHB Alfredo Mojica 0-0: Fly out, F8 (Flyball, 8RXD)
Top of the 5th over - 0 runs, 0 hits, 0 errors, 1 left on base; Houston 4 - Gryfindor 0
BOTTOM OF THE 5TH
Gryfindor Braves batting - Pitching for Houston BC : RHP Jesús Franco
Batting: RHB Randy Rehling 0-0: Foul Ball, location: 2F
0-1: Foul Ball, location: 2F
0-2: Strikes out swinging
Batting: LHB Gilberto Jiménez 0-0: Foul Ball, location: 2F
0-1: Fly out, F9 (Flyball, 9D)
Batting: LHB Cris Gonzáles 0-0: Ball
1-0: Ball
2-0: Ball
3-0: Foul Ball, location: 2F
3-1: Ground out U3 (Groundball, 3L)
Bottom of the 5th over - 0 runs, 0 hits, 0 errors, 0 left on base; Houston 4 - Gryfindor 0
TOP OF THE 6TH
Houston BC batting - Pitching for Gryfindor Braves : RHP Kent Good
Batting: RHB Alba Hidalgo de Jesus 0-0: Ball
1-0: Ball
2-0: Ball
3-0: Base on Balls
Batting: RHB Abraham Phelps 0-0: Called Strike
0-1: Grounds into double play, 1-4-3 (Groundball, 15S)
Batting: LHB Sidney Dollarhide 0-0: Ball
1-0: Ball
2-0: Ball
3-0: Called Strike
3-1: Base on Balls
Pitching: LHP José Ortíz
Batting: RHB Ken Gardner 0-0: Fielders Choice at 2nd, 6-4 (Groundball, 6)
Top of the 6th over - 0 runs, 0 hits, 0 errors, 1 left on base; Houston 4 - Gryfindor 0
BOTTOM OF THE 6TH
Gryfindor Braves batting - Pitching for Houston BC : RHP Jesús Franco
Batting: RHB Ernesto Souza 0-0: Foul Ball, location: 2F
0-1: Ground out 5-3 (Groundball, 56S)
Batting: LHB Tyler Knopp 0-0: Ball
1-0: Ball
2-0: Ground out U3 (Groundball, 3S)
Batting: SHB Adrián Zamudio 0-0: Ball
1-0: Called Strike
1-1: Foul Ball, location: 2F
1-2: Ground out U3 (Groundball, 34)
Bottom of the 6th over - 0 runs, 0 hits, 0 errors, 0 left on base; Houston 4 - Gryfindor 0
TOP OF THE 7TH
Houston BC batting - Pitching for Gryfindor Braves : LHP José Ortíz
Batting: RHB Ryoma Yamamoto 0-0: Swinging Strike
0-1: Called Strike
0-2: Ball
1-2: Ball
2-2: Ball
3-2: Ground out 5-3 (Groundball, 56)
Batting: LHB Rich Watkins 0-0: Foul Ball, location: 2F
0-1: Foul Ball, location: 2F
0-2: DOUBLE (Line Drive, 9LD)
Batting: RHB António López 0-0: Intentional Walk
Batting: RHB Jud Regan 0-0: Ball
1-0: Ball
2-0: Ball
3-0: Base on Balls
Rich Watkins to third
António López to second
Batting: RHB Alfredo Mojica 0-0: Ball
1-0: SINGLE (Flyball, 78S)
Rich Watkins scores
António López to third
Jud Regan to second
Runner from 3rd tries for Home, SAFE, throw made home
Batting: RHB Alba Hidalgo de Jesus 0-0: Grounds into double play, 5-4-3 (Groundball, 56)
Top of the 7th over - 2 runs, 2 hits, 0 errors, 1 left on base; Houston 6 - Gryfindor 0
BOTTOM OF THE 7TH
Gryfindor Braves batting - Pitching for Houston BC : RHP Jesús Franco
Batting: RHB Javier López 0-0: Ground out 5-3 (Groundball, 5L)
Batting: LHB Austin Hathaway 0-0: Ball
1-0: Called Strike
1-1: Swinging Strike
1-2: Strikes out swinging, 2-3 out at first.
Batting: RHB Akke Derksen 0-0: Swinging Strike
0-1: Ball
1-1: Foul Ball, location: 2F
1-2: Ball
2-2: Foul Ball, location: 2F
2-2: Foul Ball, location: 2F
2-2: Foul Ball, location: 2F
2-2: SINGLE (Groundball, 34D)
Batting: RHB Randy Rehling 0-0: Fielders Choice at 2nd, 6-4 (Groundball, 6)
Bottom of the 7th over - 0 runs, 1 hit, 0 errors, 1 left on base; Houston 6 - Gryfindor 0
TOP OF THE 8TH
Houston BC batting - Pitching for Gryfindor Braves : LHP José Ortíz
Batting: RHB Abraham Phelps 0-0: Called Strike
0-1: Foul Ball, location: 2F
0-2: Ball
1-2: Foul Ball, location: 2F
1-2: Strikes out swinging
Batting: LHB Sidney Dollarhide 0-0: Ball
1-0: Called Strike
1-1: Swinging Strike
1-2: Strikes out swinging
Batting: RHB Ken Gardner 0-0: Ball
1-0: Ground out 4-3 (Groundball, 4)
Top of the 8th over - 0 runs, 0 hits, 0 errors, 0 left on base; Houston 6 - Gryfindor 0
BOTTOM OF THE 8TH
Gryfindor Braves batting - Pitching for Houston BC : RHP Jesús Franco
Batting: LHB Gilberto Jiménez 0-0: Ground out 4-3 (Groundball, 4)
Batting: LHB Cris Gonzáles 0-0: Called Strike
0-1: Fly out, F8 (Flyball, 8RM)
Batting: RHB Ernesto Souza 0-0: Swinging Strike
0-1: Ball
1-1: Called Strike
1-2: SINGLE (Line Drive, 56D)
Batting: LHB Tyler Knopp 0-0: Ball
1-0: Foul Ball, location: 2F
1-1: Fly out, F7 (Flyball, 7S)
Bottom of the 8th over - 0 runs, 1 hit, 0 errors, 1 left on base; Houston 6 - Gryfindor 0
TOP OF THE 9TH
Houston BC batting - Pitching for Gryfindor Braves : LHP José Ortíz
Batting: RHB Ryoma Yamamoto 0-0: SINGLE (Line Drive, 56)
Batting: LHB Rich Watkins 0-0: DOUBLE (Flyball, 89D)
Ryoma Yamamoto to third
Batting: RHB António López 0-0: Called Strike
0-1: Swinging Strike
0-2: Ground out 1-3 (Groundball, 13)
Batting: RHB Jud Regan 0-0: Ball
1-0: Ground out 5-3 (Groundball, 56)
Ryoma Yamamoto scores
Batting: RHB Alfredo Mojica 0-0: Called Strike
0-1: Swinging Strike
0-2: Ball
1-2: Strikes out swinging, 2-3 out at first.
Top of the 9th over - 1 run, 2 hits, 0 errors, 1 left on base; Houston 7 - Gryfindor 0
BOTTOM OF THE 9TH
Gryfindor Braves batting - Pitching for Houston BC : RHP Jesús Franco
Now at C: José Perea
Batting: SHB Adrián Zamudio 0-0: Fly out, F8 (Flyball, 89S)
Batting: RHB Javier López 0-0: Called Strike
0-1: Ball
1-1: Called Strike
1-2: Foul Ball, location: 2F
1-2: Ball
2-2: Ball
3-2: Strikes out looking
Batting: LHB Austin Hathaway 0-0: Called Strike
0-1: Swinging Strike
0-2: Ball
1-2: Ball
2-2: Fly out, F9 (Flyball, 9S)
Bottom of the 9th over - 0 runs, 0 hits, 0 errors, 0 left on base; Houston 7 - Gryfindor 0
Friday, March 29th, 2019 - OOTP Baseball 18.8 Build 76